 Dungeon Crawl Stone Soup version 0.27.1-33-g824d729ab1 (webtiles) character file.

Game seed: 11768146307786594829

260 jlumianski the Ducker (level 6, 0/53 HPs)
             Began as a Gnoll Monk on Dec 27, 2021.
             Succumbed to a scorpion's poison
             ... on level 3 of the Dungeon.
             The game lasted 00:14:42 (4212 turns).

jlumianski the Ducker (Gnoll Monk)                  Turns: 4212, Time: 00:14:43

Health: 0/53       AC:  6    Str: 18    XL:     6   Next: 17%
Magic:  8/8        EV: 13    Int: 10    God:
Gold:   15         SH:  0    Dex: 14    Spells: 7/8 levels left

rFire    . . .     SeeInvis .   a - +1 hand axe
rCold    + . .     Faith    .   (no shield)
rNeg     . . .     Spirit   .   l - +1 ring mail
rPois    .         Reflect  .   (no helmet)
rElec    .         Harm     .   (no cloak)
rCorr    .         Rampage  .   (no gloves)
Will     .....                  (no boots)
Stlth    ++........             (no amulet)
HPRegen  0.17/turn              f - +6 ring of strength
MPRegen  0.11/turn              e - ring of protection from cold

@: lethally poisoned (0 -> -6)
A: fangs 1, strong nose, distributed training
a: no special abilities


You were on level 3 of the Dungeon.
You visited 1 branch of the dungeon, and saw 4 of its levels.

You collected 158 gold pieces.
You spent 143 gold pieces at shops.

Inventory:

Hand Weapons
 a - a +1 hand axe (weapon)
 h - a +0 hunting sling
Missiles
 c - 81 stones (quivered)
 d - 2 silver javelins
 g - 6 poisoned darts
 i - 36 sling bullets
Armour
 b - a +0 robe
 l - a +1 ring mail (worn)
Jewellery
 e - a ring of protection from cold (right hand)
 f - a +6 ring of strength (left hand)
Scrolls
 j - a scroll of teleportation
Potions
 k - a potion of attraction
 o - a potion of haste


   Skills:
 + Level 6.8 Fighting
 + Level 1.8 Short Blades
 + Level 1.8 Long Blades
 + Level 6.8 Axes
 + Level 1.8 Maces & Flails
 + Level 1.8 Polearms
 + Level 1.8 Staves
 + Level 1.8 Slings
 + Level 1.8 Bows
 + Level 1.8 Crossbows
 + Level 1.8 Throwing
 + Level 1.8 Armour
 + Level 6.8 Dodging
 + Level 4.5 Stealth
 + Level 1.8 Shields
 + Level 1.8 Unarmed Combat
 + Level 1.8 Spellcasting
 + Level 1.4 Conjurations
 + Level 1.4 Hexes
 + Level 1.4 Summonings
 + Level 1.4 Necromancy
 + Level 1.4 Translocations
 + Level 1.4 Transmutations
 + Level 1.4 Fire Magic
 + Level 1.4 Ice Magic
 + Level 1.4 Air Magic
 + Level 1.4 Earth Magic
 + Level 1.4 Poison Magic
 + Level 2.0 Invocations
 + Level 1.8 Evocations


You had 7 spell levels left.
You knew the following spells:

 Your Spells              Type           Power      Damage    Failure   Level
a - Foxfire               Conj/Fire      12%        2x1d4     30%         1

Your spell library contained the following spells:

 Spells                   Type           Power      Damage    Failure   Level
 Conjure Flame            Conj/Fire      3%         6-21      67%         3
 Inner Flame              Hex/Fire       3%         N/A       67%         3


Dungeon Overview and Level Annotations

Branches:
Dungeon (4/15)
 Temple: D:4-7

Altars:

Shops:
D:3 !


Innate Abilities, Weirdness & Mutations

You have very sharp teeth.
Your uncanny sense of smell can sniff out nearby items.
Your experience applies equally to all skills.


Message History

You barely miss the scorpion.
The scorpion is almost dead.
You feel sick. The scorpion barely misses you.
Your ring mail prevents you from hitting the scorpion.
The scorpion is almost dead.
You feel sick. The scorpion barely misses you.
You feel sick.
You feel less invigorated.
You feel less confused.
You feel sick.
You hit the scorpion but do no damage.
The scorpion is almost dead.
You feel sick. The scorpion stings you!
You closely miss the scorpion.
You bite the scorpion, but do no damage.
The scorpion is almost dead.
The scorpion stings you but does no damage.
You completely miss the scorpion.
The scorpion is almost dead.
You feel sick. The scorpion misses you. The scorpion stings you.
* * * LOW HITPOINT WARNING * * *
You are lethally poisoned!
The scorpion poisons you!
You hit the scorpion.
You kill the scorpion!
* * * LOW HITPOINT WARNING * * *
You feel very sick.
Your Invocations skill increases to level 2!
You have reached level 6!
Your experience leads to an increase in your attributes!
Your base attributes are Str 11, Int 10, Dex 14.
Increase (S)trength, (I)ntelligence, or (D)exterity?
You feel stronger.
* * * LOW HITPOINT WARNING * * *
You feel very sick.
* * * LOW HITPOINT WARNING * * *
You feel sick.
* * * LOW HITPOINT WARNING * * *
You feel sick.
You die...

#.# #.# #.# #.# #.#
#########.######### ###
#.#########..................
..###.#.......................###
#.............#.##..###.#........
#..##.#.#.###.#.##..###.#..#.####
#...#...........##..##...........
#.#+#...........@...##.<.........
#.+∩'................#.....#..#.#
..#+#...........>................
#...#.#...###........#....##..#..
#..##.#..........................
#..##.#...###.#.##...#..).##..#..
#..##.#...# #.#.##...#...........
#.........###.#.##.....).^.......
...##.#...#......................


There were no monsters in sight!

Vanquished Creatures
  A scorpion (D:3)
  An orc priest (D:3)
  An orc wizard (D:3)
  4 adders
  2 gnolls
  A worm (D:2)
  2 dart slugs
  7 orcs
  8 ball pythons
  5 endoplasms
  5 giant cockroaches
  4 goblins
  7 hobgoblins
  6 jackals (D:2)
  2 kobolds
  6 quokkas
  4 bats (D:1)
  5 frilled lizards
  3 rats
74 creatures vanquished.

Vanquished Creatures (others)
  3 foxfires (D:2)
3 creatures vanquished.

Grand Total: 77 creatures vanquished

Notes
Turn   | Place    | Note
-------+----------+-------------------------------------------
     0 | D:1      | jlumianski the Gnoll Monk began the quest for the Orb.
     0 | D:1      | Reached XP level 1. HP: 23/23 MP: 1/1
   212 | D:1      | Reached XP level 2. HP: 29/29 MP: 2/2
   814 | D:1      | Reached XP level 3. HP: 35/35 MP: 3/3
  1055 | D:1      | Found a faded altar of an unknown god.
  1161 | D:2      | Reached skill level 1 in Invocations
  1595 | D:1      | Reached skill level 1 in Short Blades
  1595 | D:1      | Reached skill level 1 in Long Blades
  1595 | D:1      | Reached skill level 1 in Maces & Flails
  1595 | D:1      | Reached skill level 1 in Polearms
  1595 | D:1      | Reached skill level 1 in Staves
  1595 | D:1      | Reached skill level 1 in Slings
  1595 | D:1      | Reached skill level 1 in Bows
  1595 | D:1      | Reached skill level 1 in Crossbows
  1595 | D:1      | Reached skill level 1 in Throwing
  1595 | D:1      | Reached skill level 1 in Armour
  1595 | D:1      | Reached skill level 1 in Shields
  1595 | D:1      | Reached skill level 1 in Unarmed Combat
  1595 | D:1      | Reached skill level 1 in Spellcasting
  1595 | D:1      | Reached skill level 1 in Evocations
  1826 | D:2      | Reached XP level 4. HP: 33/41 MP: 5/5
  2211 | D:2      | Learned a level 1 spell: Foxfire
  2376 | D:2      | Reached skill level 1 in Conjurations
  2376 | D:2      | Reached skill level 1 in Hexes
  2376 | D:2      | Reached skill level 1 in Summonings
  2376 | D:2      | Reached skill level 1 in Necromancy
  2376 | D:2      | Reached skill level 1 in Translocations
  2376 | D:2      | Reached skill level 1 in Transmutations
  2376 | D:2      | Reached skill level 1 in Fire Magic
  2376 | D:2      | Reached skill level 1 in Ice Magic
  2376 | D:2      | Reached skill level 1 in Air Magic
  2376 | D:2      | Reached skill level 1 in Earth Magic
  2376 | D:2      | Reached skill level 1 in Poison Magic
  2891 | D:3      | Reached XP level 5. HP: 34/47 MP: 5/7
  3740 | D:3      | Found Koniapop's Distillery.
  3743 | D:3      | Bought a potion of curing for 33 gold pieces
  3743 | D:3      | Bought a potion of haste for 110 gold pieces
  4209 | D:3      | Reached XP level 6. HP: 8/53 MP: 8/8
  4211 | D:3      | HP: 2/53 [poisoned by a scorpion]
  4212 | D:3      | Succumbed to a scorpion's poison

Illustrated notes

Levels and vault maps discovered:
D:1:      minmay_arrival_nine_rooms, layout_basic,
          shapermc_ecumenical_altar_mp_vishouse, minmay_heptomino_h4
D:2:      layout_loops_corners
D:3:      layout_basic, serial_shops, nicolae_shop_behind_doors
D:4:      layout_cave_pools, trog_book, kennysheep_small_square

Skill      XL: |  1  2  3  4  5 |
---------------+----------------+-----
Invocations    | 1 2 |  2.0
Short Blades   | 1 |  1.8
Long Blades    | 1 |  1.8
Maces & Flails | 1 |  1.8
Polearms       | 1 |  1.8
Staves         | 1 |  1.8
Slings         | 1 |  1.8
Bows           | 1 |  1.8
Crossbows      | 1 |  1.8
Throwing       | 1 |  1.8
Armour         | 1 |  1.8
Shields        | 1 |  1.8
Unarmed Combat | 1 |  1.8
Spellcasting   | 1 |  1.8
Evocations     | 1 |  1.8
Conjurations   | 1 |  1.4
Hexes          | 1 |  1.4
Summonings     | 1 |  1.4
Necromancy     | 1 |  1.4
Translocations | 1 |  1.4
Transmutations | 1 |  1.4
Fire Magic     | 1 |  1.4
Ice Magic      | 1 |  1.4
Air Magic      | 1 |  1.4
Earth Magic    | 1 |  1.4
Poison Magic   | 1 |  1.4
Fighting       | |  6.8
Axes           | |  6.8
Dodging        | |  6.8
Stealth        | |  4.5

Action                   |  1- 3 |  4- 6 || total
-------------------------+-------+-------++-------
Melee: Hand axe          |   102 |   146 ||   248
       Bite              |     6 |    17 ||    23
Throw: Stone             |    15 |    12 ||    27
 Cast: Foxfire           |       |     2 ||     2
  Use: Scroll            |       |     5 ||     5
       Potion            |       |     3 ||     3
 Stab: Sleeping          |     3 |     4 ||     7
Armor: Robe              |    12 |     1 ||    13
       Ring mail         |       |    44 ||    44
Dodge: Dodged            |    70 |   100 ||   170
